Map: New Repugnancy LE

Players

ShaDoWn - Winner!

  • Race: Protoss Protoss
  • Spawn Location: 7:00

SouLeer

  • Race: Zerg Zerg
  • Spawn Location: 1:00

Event: 2019 WCS Summer

VOD

Have the link to the VOD?

Description

Time

  • Played on: July 12, 2019, 12:05 p.m.
  • Length: 9:21

All games in this series

Show
View Real Time Build Order
Export as new Build Order

ShaDoWn Protoss - Winner!

Build Orders: 1 Gate Expand, Oracle Opening, Archon Immortal, Archon Drop 

Get SALT Encoding   

  12  0:00  Probe  
  13  0:13  Probe  
  14  0:19  Pylon  
  14  0:25  Probe  
  15  0:33  Probe  
  15  0:41  Probe  
  16  0:44  Gateway  
  16  0:47  Assimilator  
  17  0:51  Probe  
  18  1:03  Probe  
  19  1:15  Probe  
  20  1:27  Nexus  
  20  1:35  Cybernetics Core  
  20  1:38  Probe  
  21  1:45  Assimilator  
  21  1:50  Probe  
  21  1:53  Pylon  
  22  2:01  Adept  
  22  2:02  Probe  
  23  2:14  Probe  
  26  2:18  Stargate  
  26  2:26  Probe  
  27  2:31  Stalker  
  27  2:35  Probe  
  27  2:36  Probe  
  29  2:39  Warp Gate  
  29  2:43  Probe  
  31  2:44  Probe  
  33  2:53  Probe  
  33  2:54  Probe  
  33  2:56  Oracle  
  35  3:05  Probe  
  39  3:07  Probe  
  39  3:08  Pylon  
  40  3:17  Probe  
  40  3:19  Probe, Assimilator  
  42  3:23  Assimilator, Oracle  
  42  3:29  Probe  
  42  3:34  Gateway  
  46  3:36  Probe  
  48  3:41  Probe  
  48  3:48  Probe  
  49  3:52  Robotics Facility  
  49  3:53  Probe  
  50  4:00  Probe, Pylon  
  51  4:05  Probe, Twilight Council  
  52  4:12  Probe  
  53  4:17  Probe  
  53  4:21  Gateway x2  
  54  4:24  Probe  
  54  4:29  Probe  
  54  4:30  Adept  
  54  4:31  Sentry  
  61  4:40  Warp Prism  
  61  4:43  Pylon  
  61  4:50  Pylon  
  62  4:53  Templar Archives  
  62  5:02  Zealot x2  
  66  5:07  Pylon  
  66  5:10  Observer  
  66  5:13  Probe  
  67  5:17  Probe  
  67  5:20  Zealot x2  
  68  5:25  Probe  
  69  5:30  Probe  
  69  5:31  Forge  
  69  5:34  Nexus  
  70  5:35  Shield Battery  
  70  5:37  Probe  
  70  5:39  High Templar  
  70  5:40  High Templar x3  
  79  5:44  Archon  
  79  5:45  Archon  
  79  5:52  Pylon  
  79  5:53  Probe  
  80  5:59  Probe  
  80  6:02  Immortal  
  83  6:05  Probe  
  84  6:12  Probe  
  84  6:13  Charge, Protoss Ground Weapons Level 1  
  84  6:17  Probe  
  86  6:24  Probe  
  87  6:28  Pylon  
  87  6:29  Probe  
  88  6:36  Probe  
  88  6:37  Assimilator, Immortal  
  89  6:40  Gateway  
  89  6:41  Probe, Gateway, Assimilator  
  89  6:44  Gateway  
  94  6:48  Probe, Gateway  
  94  6:53  Probe x2  
  97  6:59  Pylon  
  97  7:00  Probe  
  98  7:06  Immortal  
  98  7:07  Probe  
  100  7:12  Probe  
  100  7:15  Adept x2  
  103  7:16  High Templar x2  
  107  7:39  Immortal  
  107  7:41  High Templar x3  
  107  7:42  Shield Battery x2  
  107  7:43  Zealot x3  
  119  7:46  Archon  
  119  7:47  Archon  
  119  7:49  High Templar, Pylon  
  119  7:51  Pylon  
  125  7:53  Archon, Pylon  
  125  7:59  Pylon x2  
  125  8:13  Warp Prism  
  125  8:16  Zealot x3, High Templar x2  
  125  8:17  Zealot x2  
  141  8:23  Archon  
  141  8:24  Zealot  
  141  8:25  Nexus  
  141  8:26  Shield Battery  
  143  8:41  Zealot x5  
  153  8:44  Pylon  
  153  8:45  Pylon  
  152  8:54  Zealot x3  
  152  9:03  Nexus  
  152  9:08  Zealot x5  
  150  9:13  Pylon  
  150  9:19  Zealot x3  
Show
View Real Time Build Order
Export as new Build Order

SouLeer Zerg 

Build Orders: Hatch First 

Get SALT Encoding   

  12  0:00  Drone  
  13  0:12  Overlord  
  13  0:16  Drone  
  14  0:30  Drone  
  14  0:31  Drone  
  16  0:49  Hatchery  
  15  0:52  Drone  
  15  0:55  Drone  
  17  0:59  Drone  
  18  1:09  Extractor  
  17  1:16  Spawning Pool  
  16  1:19  Drone  
  16  1:23  Drone  
  18  1:29  Drone  
  19  1:40  Drone  
  20  1:49  Overlord  
  20  2:03  Queen x2  
  20  2:04  Zergling x4  
  26  2:11  Drone x2  
  26  2:14  Metabolic Boost  
  29  2:22  Drone  
  29  2:23  Drone  
  30  2:35  Drone x2  
  32  2:42  Hatchery  
  31  2:48  Queen  
  33  2:53  Overlord  
  33  2:56  Drone  
  33  2:57  Drone  
  35  3:00  Drone  
  36  3:11  Drone  
  36  3:12  Drone x2  
  39  3:16  Drone x2  
  41  3:21  Overlord  
  41  3:23  Drone  
  41  3:28  Drone x2  
  41  3:29  Spore Crawler  
  41  3:32  Lair  
  42  3:37  Queen  
  42  3:41  Overlord  
  44  3:42  Drone  
  44  3:44  Extractor  
  44  3:45  Drone  
  45  3:48  Evolution Chamber  
  45  3:49  Drone  
  45  3:51  Drone  
  45  3:53  Drone  
  47  3:56  Drone  
  47  3:57  Drone  
  49  4:03  Zergling x6  
  49  4:07  Zergling x2  
  49  4:08  Zergling x4  
  55  4:15  Zerg Melee Weapons Level 1  
  55  4:16  Zergling x4  
  57  4:18  Overlord  
  57  4:26  Zergling x8  
  57  4:29  Overseer  
  61  4:37  Drone x4  
  60  4:41  Drone  
  60  4:42  Drone x2  
  61  4:47  Drone  
  61  4:48  Drone  
  61  4:49  Drone x2  
  64  4:53  Extractor  
  64  4:55  Drone, Spore Crawler  
  64  4:57  Drone  
  64  5:04  Drone, Spore Crawler  
  63  5:15  Zergling x6  
  63  5:19  Roach Warren  
  63  5:20  Zergling x4  
  63  5:21  Zergling x6  
  62  5:29  Overlord x2  
  62  5:41  Zergling x4  
  62  5:42  Zergling x6  
  67  5:44  Overlord  
  67  5:51  Drone x6  
  67  5:55  Drone x3  
  67  5:56  Drone  
  76  5:57  Drone  
  76  5:59  Drone  
  75  6:07  Roach x3  
  76  6:14  Glial Reconstitution, Extractor x2  
  76  6:16  Queen  
  76  6:19  Roach  
  76  6:24  Roach x3  
  84  6:30  Overlord  
  85  6:34  Zerg Missile Weapons Level 1  
  85  6:35  Roach x2  
  89  6:45  Overlord x3  
  88  6:56  Roach x2  
  88  6:57  Roach x3  
  88  7:00  Nydus Network  
  97  7:04  Overlord  
  97  7:11  Zergling x12  
  97  7:12  Zergling x8  
  107  7:19  Zergling x2  
  108  7:23  Zergling x8  
  108  7:27  Roach  
  113  7:33  Roach x2  
  117  7:38  Overlord  
  117  7:42  Overseer  
  116  7:44  Hatchery  
  116  7:45  Roach x2  
  116  7:46  Roach x2  
  116  7:47  Ravager x4  
  127  7:53  Roach  
  127  7:55  Overlord x2  
  129  7:59  Overlord  
  129  8:01  Ravager x4  
  133  8:06  Roach x2  
  133  8:10  Overlord  
  137  8:15  Nydus Canal  
  137  8:17  Overlord  
  137  8:23  Roach x4  
  137  8:25  Roach  
  137  8:26  Overlord  
  147  8:32  Overlord  
  147  8:36  Roach x3  
  153  8:43  Ravager x4  
  153  8:44  Ravager  
  153  8:48  Nydus Canal  
  158  8:49  Roach  
  158  8:50  Overlord  
  160  9:00  Zergling x18  
Tags
 
Add a new tag
Caveats
  • Supply blocks, unpowered buildings, or Contaminate may cause inaccurate times.
  • Supply counts are checked every 10 seconds.